 Dungeon Crawl Stone Soup version 0.30-a0-1116-gebefce21f7 (webtiles) character file.

Game seed: 13470383821048418470

11 holysushi the Cutter (level 2, 13/24 HPs)
             Began as a Demonspawn Monk on Apr 21, 2023.
             Quit the game on level 1 of the Dungeon.
             The game lasted 00:00:22 (232 turns).

holysushi the Cutter (Demonspawn Monk)               Turns: 232, Time: 00:00:22

Health: 13/24      AC:  2    Str: 11    XL:     2   Next: 13%
Magic:  2/2        EV: 12    Int: 11    God:
Gold:   31         SH:  0    Dex: 15    Spells: 1/1 levels left

rFire   . . .      SeeInvis .    a - +0 short sword
rCold   . . .      Faith    .    d - orb {light}
rNeg    . . .      Spirit   .    b - +0 robe
rPois   .          Reflect  .    (no helmet)
rElec   .          Rampage  .    (no cloak)
rCorr   .                        (no gloves)
Will    .....                    (no boots)
Stlth   +                        (no amulet)
HPRegen 0.24/turn                (no ring)
MPRegen 0.08/turn                (no ring)

@: glowing
A: hooves 1
a: no special abilities


You were on level 1 of the Dungeon.
You visited 1 branch of the dungeon, and saw 1 of its levels.

You collected 31 gold pieces.

Inventory:

Hand Weapons
 a - a +0 short sword (weapon)
Armour
 b - a +0 robe (worn)
 d - an orb of light (worn)
Scrolls
 e - a scroll of immolation {unknown}
 f - a scroll of blinking {unknown}
Potions
 c - a potion of ambrosia


   Skills:
 - Level 3.0 Fighting
 + Level 3.3 Short Blades
 - Level 2.6 Dodging


You had one spell level left.
You didn't know any spells.
Your spell library contained the following spells:

 Spells                   Type           Power      Damage    Failure   Level
 Cause Fear               Hex            0%         N/A       98%         4
 Dragon Form              Tmut           0%         N/A       100%        7
 Dragon's Call            Summ           0%         N/A       100%        9


Dungeon Overview and Level Annotations

Branches:
Dungeon (1/15) Zot: 5773

Altars:


Innate Abilities, Weirdness & Mutations

You have large cloven feet.


Message History

The slug dart hits you.
You hit the dart slug but do no damage. The dart slug launches a dart at you.
The slug dart misses you.
You hit the dart slug but do no damage. You barely miss the hobgoblin.
The dart slug closely misses you. The hobgoblin hits you.
You hit the hobgoblin but do no damage. You hit the hobgoblin.
The hobgoblin is moderately wounded.
The hobgoblin hits you. The dart slug barely misses you.
You hit the hobgoblin.
The hobgoblin is almost dead.
The hobgoblin closely misses you.
The dart slug bites you but does no damage.
You hit the hobgoblin.
You kill the hobgoblin!
You have reached level 2!
Your demonic ancestry asserts itself...
Your feet thicken and deform.
You hit the dart slug but do no damage. You kick the dart slug.
The dart slug is lightly wounded.
The dart slug launches a dart at you. The slug dart hits you.
You hit the dart slug.
The dart slug is moderately wounded.
You hit the dart slug. You kick the dart slug.
The dart slug is almost dead.
The dart slug bites you.
You hit the dart slug but do no damage.
The dart slug is almost dead.
You hit the dart slug but do no damage.
The dart slug is almost dead.
The dart slug launches a dart at you. The slug dart hits you.
You hit the dart slug.
You kill the dart slug!
You are too injured to fight recklessly!
Unknown command.
Are you sure you want to abandon this character and quit the game? (Confirm with "yes".)

#.##.P.......
#....).#♣ ♣.♣
#..♣.♣...###.##
♣♣....##...
P♣.....##..# ##
♣PP...###..# #..
♣♣.P...# #..##
...♣♣P.....###...##
+P♣P......+.....@.#
#..........###.!.>...#
#.......#.# ##..#####
##.....##..# ##.#
##..)####.# ..# ##'##
.. .## #.# #.# . ###
#.# .##. ..###.##


There were no monsters in sight!

Vanquished Creatures
  A dart slug (D:1)
  An endoplasm (D:1)
  2 goblins (D:1)
  A hobgoblin (D:1)
  A kobold (D:1)
  A quokka (D:1)
7 creatures vanquished.

Notes
Turn   | Place    | Note
-------+----------+-------------------------------------------
     0 | D:1      | holysushi the Demonspawn Monk began the quest for the Orb.
     0 | D:1      | Reached XP level 1. HP: 18/18 MP: 1/1
   225 | D:1      | Gained mutation: You have large cloven feet. [demonic
                  | ancestry]
   225 | D:1      | Reached XP level 2. HP: 15/24 MP: 2/2
   232 | D:1      | Quit the game

Illustrated notes

Levels and vault maps discovered:
D:1:      saegor_arrival_simple_c, layout_loops_corners, serial_forest,
          infiniplex_forest_end_2, infiniplex_forest_lined_room_2,
          infiniplex_forest_clump_diagonal, infiniplex_forest_clump_long,
          infiniplex_forest_clump_curved, infiniplex_forest_lined_3,
          infiniplex_forest_lined_1, minmay_pentomino_r2

Skill      XL: |  1 |
---------------+----+-----
Short Blades   | 3 |  3.3
Fighting       | |  3.0
Dodging        | |  2.6

Action                     || total
---------------------------++-------
  Melee: Short sword       ||    37
         Kick              ||     2
 Armour: Robe              ||     5
  Dodge: Dodged            ||    13

Table legend: (Time is in decaauts)
 A = Elapsed time spent in this place.
 B = Non-inter-level travel time spent in this place.
 C = Inter-level travel time spent in this place.
 D = Time resting spent in this place.
 E = Time spent auto-exploring this place.
 F = Levels seen in this place.
 G = Mean time per level.
                   A        B        C        D        E       F      G
               +--------+--------+--------+--------+--------+-----+--------+
         Total |    226 |    226 |      0 |      0 |    157 |   1 |  226.0 |
       Dungeon |    226 |    226 |      0 |      0 |    157 |   1 |  226.0 |
               +--------+--------+--------+--------+--------+-----+--------+

Top non-repeatable levels by time:
     D:1: 226 daAuts
